AoeStats
← GORGORY

Arabia

504554917Analyzed
1v1 RM · 28d ago on Sep 5, 2026· 54m 35s· 2 players
Game mode
Random Map
Map size
Tiny (2 player)
Population
200
Speed
Normal
Resources
Standard
Victory
Conquest
Starting age
Dark Age
Ending age
Imperial Age
RankedLock teamsTeams togetherTeam positionsShared explorationLock speedFull tech treeHidden civsTurbo modeCheats
Victory
Defeat
🇦🇷 Ethiopians · Argentina
994
+15
🇨🇴 Persians · Colombia
962
-15
PAN71226
3:51 Loom
10:49 Feudal Age
12:48 Double-Bit Axe
18:23 Fletching
18:47 Forging
19:31 Gold Mining
20:53 Town Watch
24:07 Castle Age
25:21 Gold Shaft Mining
24:37 Horse Collar
25:02 Padded Archer Armor
25:37 Squires
27:25 Bow Saw
27:29 Pikeman
28:58 Parthian Tactics
31:03 Stone Mining
31:21 Town Patrol
31:27 Heavy Plow
31:41 Bodkin Arrow
32:04 Leather Archer Armor
33:09 Ballistics
33:52 Wheelbarrow
37:40 Imperial Age
37:19 Stone Shaft Mining
37:35 Bloodlines
40:56 Chemistry
41:02 Elite Skirmisher
47:39 Ring Archer Armor
GORGORY
5:38 Loom
8:54 Feudal Age
9:22 Double-Bit Axe
9:48 Horse Collar
14:41 Wheelbarrow
18:37 Castle Age
17:18 Stone Mining
17:54 Gold Mining
20:30 Fervor
20:21 Town Watch
21:44 Bow Saw
22:16 Heavy Plow
24:53 Sanctity
26:36 Fletching
26:46 Padded Archer Armor
27:14 Squires
29:42 Forging
29:32 Scale Mail Armor
29:37 Bodkin Arrow
29:58 Leather Archer Armor
31:21 Hand Cart
30:39 Elite Skirmisher
32:12 Ballistics
31:48 Murder Holes
32:48 Royal Heirs
33:08 Arson
33:40 Chain Mail Armor
34:00 Iron Casting
33:29 Crossbowman
34:35 Thumb Ring
36:25 Leather Archer Armor
42:41 Imperial Age
42:13 Town Patrol
42:44 Elite Shotel Warrior
43:44 Conscription
42:47 Halberdier
42:47 Arbalester
43:03 Capped Ram
45:18 Ring Archer Armor
44:48 Bracer
44:53 Siege Ram
47:52 Plate Mail Armor
47:57 Iron Casting
48:53 Gold Shaft Mining
48:56 Stone Shaft Mining
52:52 Blast Furnace
Connection lost

Rejoining the realm…

Still unreachable

The connection could not be restored.

Session expired

The server has moved on; the page needs a fresh start.